 Dungeon Crawl Stone Soup version 0.30.1-11-g7821555f0a (webtiles) character file.

Game seed: 10622000511409858576

49 KittyFluff the Trooper (level 3, -1/23 HPs)
             Began as a Gargoyle Berserker on Nov 11, 2023.
             Was a Believer of Trog.
             Slain by a phantom (6 damage)
             ... on level 2 of the Dungeon.
             The game lasted 00:02:05 (496 turns).

KittyFluff the Trooper (Gargoyle Berserker)          Turns: 496, Time: 00:02:06

Health: -1/23      AC:  6    Str: 22    XL:     3   Next: 77%
Magic:  3/3        EV: 11    Int:  7    God:    Trog [**....]
Gold:   74         SH:  0    Dex:  9    Spells: 2/2 levels left

rFire   . . .        a - +0 mace
rCold   . . .        (no shield)
rNeg    + . .        h - +0 leather armour
rPois   ∞            (no helmet)
rElec   +            (no cloak)
rCorr   .            (no gloves)
SInv    .            (no boots)
Will    .....        (no amulet)
Stlth   +            (no ring)
HPRegen 0.23/turn    (no ring)
MPRegen 0.08/turn

%: no passive effects
@: no status effects
A: sickness immunity, AC +3, negative energy resistance 1, electricity
resistance, torment resistance 1, petrification resistance
a: Renounce Religion, Berserk, Trog's Hand


You were on level 2 of the Dungeon.
You worshipped Trog.
Trog was pleased with you.
You visited 1 branch of the dungeon, and saw 2 of its levels.

You collected 74 gold pieces.

Inventory:

Hand Weapons
 a - a +0 mace (weapon)
 b - a +0 quarterstaff
Armour
 h - a +0 leather armour (worn)
Scrolls
 c - 3 scrolls of blinking {unknown}
 f - a scroll of enchant armour {unknown}
 g - 2 scrolls of identify {unknown}
Potions
 d - a potion of attraction {unknown}
 e - a potion of curing {unknown}


   Skills:
 + Level 3.5 Fighting
 * Level 3.4 Maces & Flails
 * Level 3.1 Armour
 + Level 1.8 Dodging
 + Level 1.2 Stealth


You had 2 spell levels left.
You didn't know any spells.
Your spell library was empty.

Dungeon Overview and Level Annotations

Branches:
Dungeon (1/15)

Altars:


Innate Abilities, Weirdness & Mutations

You are immune to sickness and miasma.
Your stone body is resilient. (AC +3)
You are immune to poison.
You resist negative energy. (rN+)
You are resistant to electric shocks. (rElec)
You are resistant to unholy torment.
You are immune to petrification.


Message History

a +0 dagger; a goblin corpse The ball python hisses angrily.
The bat barely misses you. The bat closely misses you.
You closely miss the bat. The bat closely misses you.
You hit the endoplasm.
The endoplasm is moderately wounded.
The endoplasm freezes you.
You are frozen.
The endoplasm freezes you.
You are frozen.
You hit the endoplasm.
You kill the endoplasm!
Trog accepts your kill. The bat hits you but does no damage.
You barely miss the ball python.
The ball python bites you but does no damage.
The ball python grabs you. The ball python constricts you.
You sock the ball python!
You kill the ball python!
Trog accepts your kill. The bat hits you but does no damage.
The bat closely misses you.
The phantom hits you but does no damage.
The bat closely misses you.
Things that are here:
a +0 dagger; a goblin corpse You closely miss the phantom.
The phantom closely misses you.
You barely miss the phantom. The phantom barely misses you.
The phantom hits you.
The phantom blinks!
You blink.
You barely miss the phantom. The phantom hits you.
You closely miss the phantom. The phantom hits you.
* * * LOW HITPOINT WARNING * * *
You hit the phantom. Your punch misses the phantom.
The phantom is lightly damaged.
The phantom hits you.
* * * LOW HITPOINT WARNING * * *
You barely miss the phantom.
The phantom is lightly damaged.
The phantom hits you.
You die...

#.# #.# ##+#### .. #.#
.[..... #.##.# .......
..#.# ..>....#### #...#
.......)..## #...#
.......##..###...# .......
##..bW...# .......
#####@..# ....... #...##
####### #.#..# #.#..# #####
#.#..# #...######.#..###.#
#..........†.>....#
#...######.#......# ######
#........#.#.#.##.##.#.....


You could see a phantom and a bat.

Vanquished Creatures
  2 adders (D:2)
  2 dart slugs (D:1)
  3 endoplasms
  2 giant cockroaches (D:2)
  2 goblins
  4 jackals (D:1)
  3 ball pythons
  2 bats (D:1)
  A frilled lizard (D:2)
  3 kobolds
  2 rats (D:2)
26 creatures vanquished.

Notes
Turn   | Place    | Note
-------+----------+-------------------------------------------
     0 | D:1      | KittyFluff the Gargoyle Berserker began the quest for the
                  | Orb.
     0 | D:1      | Reached XP level 1. HP: 14/14 MP: 1/1
    47 | D:1      | Reached XP level 2. HP: 13/19 MP: 2/2
   214 | D:1      | You fall into a shaft and drop 1 floor!
   277 | D:2      | Reached XP level 3. HP: 17/23 MP: 3/3
   290 | D:2      | Reached skill level 1 in Stealth
   344 | D:2      | Reached ** piety under Trog
   480 | D:2      | Noticed a phantom
   496 | D:2      | Slain by a phantom

Illustrated notes

Levels and vault maps discovered:
D:1:      dpeg_arrival_tiny_d, layout_loops_cross, hangedman_decor_growths,
          minivault_14
D:2:      layout_basic, minmay_pentomino_pile

Skill      XL: |  1  2  3 |
---------------+----------+-----
Stealth        | 1 |  1.2
Armour         | 3 |  3.1
Fighting       | |  3.5
Maces & Flails | |  3.4
Dodging        | |  1.8

Action                     || total
---------------------------++-------
  Melee: Mace              ||    86
 Armour: Animal skin       ||    42
         Leather armour    ||     4
  Dodge: Dodged            ||    67
